Jets vs Maple Leafs

Created - April 12, 2019 at 19:45

Goals
1 2 3 T
Jets 2 1 0 3
Maple Leafs 1 2 4 7
Shots
1 2 3 T
Jets 11 10 7 28
Maple Leafs 12 13 16 41

1st period

1. Maple Leafs , Blake Comeau 10 (Nate Thompson 11, Claude Giroux 53) at 7:45
2. Jets , Erik Haula 16 (Nino Niederreiter 15) at 8:40 (PP)
3. Jets , Lee Stempniak 6 (Mike Richards 30) at 16:22

Penalties :
Fabian Brunnstrom (Tor) for Slashing (Minor) at 7:54, Derek Stepan (Win) for Tripping (Minor) at 12:10, Taylor Hall (Tor) for Tripping (Minor) at 16:33

2nd period

4. Maple Leafs , Mark Scheifele 24 (Kevin Shattenkirk 54, Jeremy Morin 9) at 3:52
5. Jets , Mike Richards 35 (Nino Niederreiter 16) at 12:23 (PP)
6. Maple Leafs , Brayden Schenn 18 (Kevin Shattenkirk 55, Jordan Staal 46) at 17:20 (SH)

Penalties :
Fabian Brunnstrom (Tor) for Boarding (Minor) at 5:36, Derek Stepan (Win) for Hooking (Minor) at 5:50, Marc-Édouard Vlasic (Tor) for Tripping (Minor) at 10:52, Jacob Trouba (Win) for Roughing (Minor) at 13:58, Mathieu Carle (Tor) for Interference (Minor) at 16:49

3rd period

7. Maple Leafs , Brayden Schenn 19 (Fabian Brunnstrom 27, Claude Giroux 54) at 4:05
8. Maple Leafs , Claude Giroux 40 (Taylor Hall 39, Jordan Staal 47) at 9:25 (PP)
9. Maple Leafs , Jordan Staal 31 (Taylor Hall 40, Ben Smith 18) at 11:11
10. Maple Leafs , Brayden Schenn 20 (Claude Giroux 55) at 13:56

Penalties :
Nino Niederreiter (Win) for Holding (Minor) at 9:20, Lee Stempniak (Win) for Hooking (Minor) at 16:38

Goalie Stats

Kari Lehtonen (Win), 34 saves from 41 shots - (0.829), L, 15-17-1, 60:00 minutes
Marc-André Fleury (Tor), 25 saves from 28 shots - (0.893), W, 29-23-5, 60:00 minutes

Players Stats for Jets

Player Name              G  A  P  +/- PIM S  H  SB GA TA FO     MP     PP MP  PK MP  
------------------------------------------------------------------------------------
Benoit Pouliot           0  0  0  -3  0   5  3  0  1  0  2/4    20:22   3:51   0:31 
Corey Perry              0  0  0  -3  0   5  2  0  0  1  1/2    21:38   3:51   1:29 
Derek Roy                0  0  0  -2  0   0  2  0  1  1  3/4    12:12   0:00   2:03 
Derek Stepan             0  0  0  -3  4   1  0  0  2  0  8/22   18:54   3:50   0:00 
Eric Gelinas             0  0  0   0  0   0  1  0  1  0  0/0    21:53   2:22   3:19 
Erik Haula               1  0  1   0  0   4  3  0  0  0  4/9    20:07   2:38   3:43 
Jacob Trouba             0  0  0   0  2   1  1  2  0  1  0/0    15:52   0:00   1:45 
Jared Spurgeon           0  0  0  -2  0   0  1  1  0  2  0/0    13:54   2:22   0:00 
Joe Colborne             0  0  0   0  0   1  0  0  0  0  2/3     7:56   0:00   0:00 
Kevin Hayes              0  0  0   0  0   0  0  0  0  0  0/0     7:56   0:00   0:00 
Lee Stempniak            1  0  1   1  2   3  1  1  0  0  0/0    13:08   0:01   0:00 
Marco Scandella          0  0  0  -3  0   2  3  0  2  0  0/0    28:45   4:07   3:33 
Marcus Johansson         0  0  0  -2  0   0  1  0  0  0  0/0     8:56   0:00   0:00 
Matt Cooke               0  0  0   0  0   2  0  1  0  0  0/0     7:56   0:00   0:00 
Mike Richards            1  1  2   0  0   3  3  0  0  0  12/22  17:49   2:38   1:44 
Nino Niederreiter        0  2  2  -3  2   0  0  1  0  1  1/1    14:38   2:37   3:02 
Oscar Klefbom            0  0  0  -3  0   0  2  0  0  2  0/0    16:23   4:07   0:58 
Tyler Myers              0  0  0  -2  0   1  3  2  1  0  0/0    23:35   0:00   2:57 

Players Stats for Maple Leafs

Player Name              G  A  P  +/- PIM S  H  SB GA TA FO     MP     PP MP  PK MP  
------------------------------------------------------------------------------------
Alex Killorn             0  0  0   0  0   0  0  0  0  0  0/0     1:04   0:22   0:00 
Ben Smith                0  1  1   1  0   1  1  0  0  0  0/0    20:17   2:35   4:01 
Blake Comeau             1  0  1   1  0   1  0  0  0  0  0/0     5:28   0:00   0:00 
Brayden Schenn           3  0  3   2  0   5  1  0  0  1  14/28  18:34   0:00   1:38 
Braydon Coburn           0  0  0   2  0   2  5  1  0  2  0/0    24:24   2:57   4:26 
Claude Giroux            1  3  4   1  0   7  0  0  1  0  0/1    21:40   3:21   0:00 
Eric Nystrom             0  0  0   2  0   2  0  0  0  0  0/0    12:24   0:36   2:19 
Fabian Brunnstrom        0  1  1   1  4   4  1  0  0  2  0/0    19:51   2:49   0:00 
Jeremy Morin             0  1  1   2  0   2  1  0  1  1  0/1    15:13   0:00   0:58 
John Klingberg           0  0  0   1  0   3  1  1  1  0  0/0    25:06   3:02   0:28 
Jordan Staal             1  2  3   1  0   6  1  1  2  0  16/25  22:25   3:22   4:02 
Kevin Shattenkirk        0  2  2   1  0   2  1  1  0  1  0/0    26:59   3:02   2:19 
Marc-Édouard Vlasic      0  0  0   1  2   0  1  1  0  0  0/0    19:33   2:43   1:35 
Mark Scheifele           1  0  1   1  0   3  0  2  1  1  3/7    11:55   2:24   0:00 
Mathieu Carle            0  0  0   2  2   1  0  0  0  0  0/0     9:26   0:17   0:00 
Nate Thompson            0  1  1   1  0   1  0  0  1  0  0/3     5:28   0:00   0:00 
Taylor Chorney           0  0  0   3  0   0  0  0  0  0  0/0    15:04   0:31   4:10 
Taylor Hall              0  2  2   1  2   1  2  1  1  0  1/2    16:50   3:19   0:00 

3 Stars

1 - Brayden Schenn (Tor)
2 - Claude Giroux (Tor)
3 - Jordan Staal (Tor)

Power Play

Jets - 2 on 5 Attempt(s) - 40.00%
Maple Leafs - 1 on 5 Attempt(s) - 20.00%

Penalty Kill

Jets - 4 on 5 Attempt(s) - 80.00% - Score 0 goal in Penalty Kill
Maple Leafs - 3 on 5 Attempt(s) - 60.00% - Score 1 goal in Penalty Kill

Team Stat

Jets - Hits : 26 - Faceoff Wins : 33 - Blocked Shots : 8 - Penalty Minutes : 10
Maple Leafs - Hits : 15 - Faceoff Wins : 34 - Blocked Shots : 8 - Penalty Minutes : 10

Official

Referees : Unknown
Linesman : Unknown

Game Notes

Brayden Schenn has scored a Hat Trick!

Finance

Level 1 -- Attendance: 5716 (95.27%) -- Ticket Income $514,440
Level 2 -- Attendance: 5000 (100.00%) -- Ticket Income $275,000
Level 3 -- Attendance: 1960 (98.00%) -- Ticket Income $70,560
Level 4 -- Attendance: 4000 (100.00%) -- Ticket Income $100,000
Luxury Box -- Attendance: 959 (95.90%) -- Ticket Income $148,645
Game was played at the Maple Leafs Garden.
Total Attendance: 17635 (97.97%)
Total Ticket Income: $1,108,645
Other Income: $166,297
Total Income: $1,274,942

Jets

5 vs 5 Forward 
   Center                   Left Wing                Right Wing               Time % Phy DF OF 
 1 Derek Stepan             Benoit Pouliot           Corey Perry              35     1   2  2  
 2 Mike Richards            Erik Haula               Lee Stempniak            32     1   2  2  
 3 Derek Roy                Marcus Johansson         Nino Niederreiter        23     2   1  2  
 4 Joe Colborne             Matt Cooke               Kevin Hayes              10     1   2  2  

5 vs 5 Defense 
   Defense                  Defense                                           Time % Phy DF OF 
 1 Marco Scandella          Tyler Myers                                       38     1   2  2  
 2 Jacob Trouba             Eric Gelinas                                      30     1   2  2  
 3 Jared Spurgeon           Oscar Klefbom                                     22     1   2  2  
 4 Marco Scandella          Tyler Myers                                       10     1   2  2  

PowerPlay Forward 
   Center                   Left Wing                Right Wing               Time % Phy DF OF 
 1 Derek Stepan             Benoit Pouliot           Corey Perry              60     0   0  5  
 2 Mike Richards            Erik Haula               Nino Niederreiter        40     0   1  4  

PowerPlay Defense
   Defense                  Defense                                           Time % Phy DF OF 
 1 Marco Scandella          Oscar Klefbom                                     60     0   1  4  
 2 Eric Gelinas             Jared Spurgeon                                    40     0   1  4  

Penalty Kill 4 Players Forward 
   Center                   Wing                     Time % Phy DF OF 
 1 Erik Haula               Nino Niederreiter        60     0   4  1  
 2 Derek Roy                Mike Richards            40     0   4  1  

Penalty Kill 4 Players Defense
   Defense                  Defense                  Time % Phy DF OF 
 1 Marco Scandella          Eric Gelinas             60     1   4  0  
 2 Tyler Myers              Jacob Trouba             40     1   4  0  

Penalty Kill - 3 Players Forward 
   Forward                                           Time % Phy DF OF 
 1 Erik Haula                                        60     0   4  1  
 2 Nino Niederreiter                                 40     0   4  1  

Penalty Kill - 3 Players Defense
   Defense                  Defense                  Time % Phy DF OF 
 1 Marco Scandella          Eric Gelinas             60     1   4  0  
 2 Jacob Trouba             Tyler Myers              40     0   5  0  

4 vs 4 Forward 
   Center                   Wing                     Time % Phy DF OF 
 1 Derek Stepan             Corey Perry              60     1   2  2  
 2 Mike Richards            Benoit Pouliot           40     1   2  2  

4 vs 4 Defense
   Defense                  Defense                  Time % Phy DF OF 
 1 Tyler Myers              Marco Scandella          60     1   2  2  
 2 Oscar Klefbom            Eric Gelinas             40     1   2  2  

Last Minutes Offensive
   Center                   Left Wing                Right Wing               Defense                  Defense                  
   Derek Stepan             Benoit Pouliot           Corey Perry              Tyler Myers              Marco Scandella          

Last Minutes Defensive
   Center                   Left Wing                Right Wing               Defense                  Defense                  
   Derek Roy                Erik Haula               Nino Niederreiter        Marco Scandella          Tyler Myers              

Goaltenders
Starting : Kari Lehtonen            
Backup : Jonathan Bernier         

Extra Forwards
Normal : Benoit Pouliot, Derek Stepan, Corey Perry - PP : Benoit Pouliot, Derek Stepan - PK : Corey Perry
Extra Defensemen
Normal : Tyler Myers, Marco Scandella, Eric Gelinas - PP : Marco Scandella - PK : Marco Scandella, Eric Gelinas
Penalty Shots
Benoit Pouliot, Mike Richards, Corey Perry, Derek Stepan, Erik Haula

Scratches
None

Maple Leafs

5 vs 5 Forward 
   Center                   Left Wing                Right Wing               Time % Phy DF OF 
 1 Brayden Schenn           Fabian Brunnstrom        Claude Giroux            40     1   2  2  
 2 Jordan Staal             Taylor Hall              Ben Smith                30     1   2  2  
 3 Mark Scheifele           Eric Nystrom             Jeremy Morin             20     1   2  2  
 4 Nate Thompson            Jeremy Morin             Blake Comeau             10     1   2  2  

5 vs 5 Defense 
   Defense                  Defense                                           Time % Phy DF OF 
 1 Kevin Shattenkirk        John Klingberg                                    40     1   2  2  
 2 Braydon Coburn           Marc-Édouard Vlasic                               30     1   2  2  
 3 Taylor Chorney           Mathieu Carle                                     20     1   2  2  
 4 Kevin Shattenkirk        John Klingberg                                    10     1   2  2  

PowerPlay Forward 
   Center                   Left Wing                Right Wing               Time % Phy DF OF 
 1 Jordan Staal             Taylor Hall              Claude Giroux            60     1   2  2  
 2 Mark Scheifele           Fabian Brunnstrom        Ben Smith                40     1   2  2  

PowerPlay Defense
   Defense                  Defense                                           Time % Phy DF OF 
 1 Kevin Shattenkirk        John Klingberg                                    60     1   2  2  
 2 Marc-Édouard Vlasic      Braydon Coburn                                    40     1   2  2  

Penalty Kill 4 Players Forward 
   Center                   Wing                     Time % Phy DF OF 
 1 Jordan Staal             Ben Smith                60     1   2  2  
 2 Brayden Schenn           Eric Nystrom             40     1   2  2  

Penalty Kill 4 Players Defense
   Defense                  Defense                  Time % Phy DF OF 
 1 Braydon Coburn           Taylor Chorney           60     1   2  2  
 2 Kevin Shattenkirk        Marc-Édouard Vlasic      40     1   2  2  

Penalty Kill - 3 Players Forward 
   Forward                                           Time % Phy DF OF 
 1 Brayden Schenn                                    60     1   2  2  
 2 Jordan Staal                                      40     1   2  2  

Penalty Kill - 3 Players Defense
   Defense                  Defense                  Time % Phy DF OF 
 1 Braydon Coburn           Taylor Chorney           60     1   2  2  
 2 Kevin Shattenkirk        Marc-Édouard Vlasic      40     1   2  2  

4 vs 4 Forward 
   Center                   Wing                     Time % Phy DF OF 
 1 Jordan Staal             Claude Giroux            60     1   2  2  
 2 Mark Scheifele           Taylor Hall              40     1   2  2  

4 vs 4 Defense
   Defense                  Defense                  Time % Phy DF OF 
 1 Braydon Coburn           Taylor Chorney           60     1   2  2  
 2 Kevin Shattenkirk        Marc-Édouard Vlasic      40     1   2  2  

Last Minutes Offensive
   Center                   Left Wing                Right Wing               Defense                  Defense                  
   Jordan Staal             Taylor Hall              Claude Giroux            Kevin Shattenkirk        John Klingberg           

Last Minutes Defensive
   Center                   Left Wing                Right Wing               Defense                  Defense                  
   Jordan Staal             Taylor Hall              Claude Giroux            Braydon Coburn           Taylor Chorney           

Goaltenders
Starting : Marc-André Fleury        
Backup : Thomas McCollum          

Extra Forwards
Normal : Eric Nystrom, Alex Killorn, Jeremy Morin - PP : Eric Nystrom, Alex Killorn - PK : Jeremy Morin
Extra Defensemen
Normal : John Klingberg, Kevin Shattenkirk, Marc-Édouard Vlasic - PP : John Klingberg - PK : Kevin Shattenkirk, Marc-Édouard Vlasic
Penalty Shots
Claude Giroux, Jordan Staal, Brayden Schenn, Taylor Hall, Fabian Brunnstrom

Scratches
Ryan Parent (Sprained Right Knee Injury)

% Time on Ice - Jets

Lines # - Real PCT - Wanted PCT - Time Play
Normal Forward
1 - 33% - 35% - 15:11
2 - 30% - 32% - 13:27
3 - 20% - 23% - 8:56
4 - 17% - 10% - 7:56
Normal Defense
1 - 41% - 38% - 18:28
2 - 32% - 30% - 14:42
3 - 23% - 22% - 10:24
4 - 4% - 10% - 1:56
PP Forward
1 - 59% - 60% - 3:51
2 - 41% - 40% - 2:38
PP Defense
1 - 63% - 60% - 4:07
2 - 37% - 40% - 2:22
PK Forward
1 - 72% - 60% - 4:32
2 - 28% - 40% - 1:44
PK Defense
1 - 57% - 60% - 3:33
2 - 43% - 40% - 2:43
PK3 Forward
1 - 0% - 60%
2 - 0% - 40%
PK3 Defense
1 - 0% - 60%
2 - 0% - 40%
44 Forward
1 - 100% - 60% - 1:45
2 - 0% - 40% - 0:00
44 Defense
1 - 55% - 60% - 0:58
2 - 45% - 40% - 0:47
Last Minute Offensive  - 0:00
Last Minute Defensive  - 0:00
Total
Forward - 60:00
Defense - 60:00

% Time on Ice - Maple Leafs

Lines # - Real PCT - Wanted PCT - Time Play
Normal Forward
1 - 39% - 40% - 17:45
2 - 29% - 30% - 13:07
3 - 20% - 20% - 9:10
4 - 12% - 10% - 5:28
Normal Defense
1 - 44% - 40% - 20:03
2 - 32% - 30% - 14:34
3 - 19% - 20% - 8:36
4 - 5% - 10% - 2:17
PP Forward
1 - 59% - 60% - 3:41
2 - 41% - 40% - 2:35
PP Defense
1 - 57% - 60% - 3:33
2 - 43% - 40% - 2:43
PK Forward
1 - 77% - 60% - 5:00
2 - 23% - 40% - 1:29
PK Defense
1 - 64% - 60% - 4:10
2 - 36% - 40% - 2:19
PK3 Forward
1 - 0% - 60%
2 - 0% - 40%
PK3 Defense
1 - 0% - 60%
2 - 0% - 40%
44 Forward
1 - 80% - 60% - 1:24
2 - 20% - 40% - 0:21
44 Defense
1 - 60% - 60% - 1:03
2 - 40% - 40% - 0:42
Last Minute Offensive  - 0:00
Last Minute Defensive  - 0:00
Total
Forward - 60:00
Defense - 60:00

Play-by-Play

1st period


0:01 of 1st period - Brayden Schenn wins face-off versus Derek Stepan in neutral zone.
1:24 of 1st period - Snap shot by Joe Colborne.
1:24 of 1st period - Shot Misses the Net.
2:20 of 1st period - Snap shot by Erik Haula.
2:20 of 1st period - Stopped by Marc-André Fleury without a rebound.
2:21 of 1st period - Brayden Schenn wins face-off versus Mike Richards in Maple Leafs zone.
2:55 of 1st period - Wrist shot by Eric Nystrom.
2:55 of 1st period - Shot Misses the Net.
2:57 of 1st period - Wrist shot by Mark Scheifele.
2:57 of 1st period - Shot Misses the Net.
4:14 of 1st period - Fabian Brunnstrom is hit by Derek Roy.
4:43 of 1st period - Snap shot by Jordan Staal.
4:43 of 1st period - Shot Misses the Net.
4:45 of 1st period - Wrist shot by Ben Smith.
4:45 of 1st period - Shot Blocked by Matt Cooke.
5:01 of 1st period - Marco Scandella is hit by Braydon Coburn and loses puck.
5:18 of 1st period - Jacob Trouba is hit by Braydon Coburn and loses puck.
5:51 of 1st period - Wrist shot by Jacob Trouba.
5:51 of 1st period - Stopped by Marc-André Fleury with a rebound.
5:53 of 1st period - Snap shot by Corey Perry.
5:53 of 1st period - Stopped by Marc-André Fleury without a rebound.
5:54 of 1st period - Brayden Schenn wins face-off versus Erik Haula in Maple Leafs zone.
5:54 of 1st period - Brayden Schenn is hit by Erik Haula.
6:20 of 1st period - John Klingberg is hit by Jared Spurgeon and loses puck.
6:47 of 1st period - Slapshot by Marcus Johansson.
6:47 of 1st period - Shot Misses the Net.
7:43 of 1st period - Snap shot by Nate Thompson.
7:43 of 1st period - Shot Misses the Net.
7:45 of 1st period - Wrist shot by Blake Comeau.
7:45 of 1st period - Goal by Blake Comeau - Jets : 0 - Maple Leafs : 1.
7:46 of 1st period - Derek Stepan wins face-off versus Brayden Schenn in neutral zone.
7:54 of 1st period - Minor Penalty to Fabian Brunnstrom for Slashing.
7:55 of 1st period - Jordan Staal wins face-off versus Derek Stepan in Maple Leafs zone.
8:07 of 1st period - Snap shot by Derek Stepan.
8:07 of 1st period - Shot Misses the Net.
8:30 of 1st period - Off-side.
8:31 of 1st period - Erik Haula wins face-off versus Brayden Schenn in neutral zone.
8:36 of 1st period - Slapshot by Nino Niederreiter.
8:36 of 1st period - Shot Misses the Net.
8:40 of 1st period - Snap shot by Nino Niederreiter.
8:40 of 1st period - Deflect By Erik Haula.
8:40 of 1st period - Goal by Erik Haula - Jets : 1 - Maple Leafs : 1.
8:41 of 1st period - Derek Stepan wins face-off versus Claude Giroux in neutral zone.
8:56 of 1st period - Snap shot by Claude Giroux.
8:56 of 1st period - Stopped by Kari Lehtonen with a rebound.
9:04 of 1st period - John Klingberg is hit by Tyler Myers and loses puck.
9:11 of 1st period - Wrist shot by Corey Perry.
9:11 of 1st period - Shot Misses the Net.
9:13 of 1st period - Snap shot by Benoit Pouliot.
9:13 of 1st period - Stopped by Marc-André Fleury without a rebound.
9:14 of 1st period - Mark Scheifele wins face-off versus Mike Richards in Maple Leafs zone.
9:21 of 1st period - Jeremy Morin is hit by Lee Stempniak and loses puck.
9:28 of 1st period - Wrist shot by Lee Stempniak.
9:28 of 1st period - Stopped by Marc-André Fleury with a rebound.
9:48 of 1st period - Slapshot by Jordan Staal.
9:48 of 1st period - Stopped by Kari Lehtonen with a rebound.
9:50 of 1st period - Slapshot by Braydon Coburn.
9:50 of 1st period - Stopped by Kari Lehtonen with a rebound.
9:52 of 1st period - Slapshot by Marc-Édouard Vlasic.
9:52 of 1st period - Deflect By Jordan Staal.
9:52 of 1st period - Stopped by Kari Lehtonen without a rebound.
9:53 of 1st period - Brayden Schenn wins face-off versus Mike Richards in Jets zone.
10:04 of 1st period - Slapshot by Marco Scandella.
10:04 of 1st period - Stopped by Marc-André Fleury with a rebound.
10:06 of 1st period - Snap shot by Tyler Myers.
10:06 of 1st period - Stopped by Marc-André Fleury with a rebound.
10:08 of 1st period - Snap shot by Erik Haula.
10:08 of 1st period - Shot Misses the Net.
11:46 of 1st period - Eric Gelinas is hit by Taylor Hall and loses puck.
11:51 of 1st period - Snap shot by Jordan Staal.
11:51 of 1st period - Stopped by Kari Lehtonen with a rebound.
11:53 of 1st period - Slapshot by Mathieu Carle.
11:53 of 1st period - Stopped by Kari Lehtonen without a rebound.
11:54 of 1st period - Brayden Schenn wins face-off versus Derek Stepan in Jets zone.
11:57 of 1st period - Snap shot by Fabian Brunnstrom.
11:57 of 1st period - Shot Misses the Net.
11:59 of 1st period - Snap shot by Brayden Schenn.
11:59 of 1st period - Shot Hit the Post.
12:01 of 1st period - Wrist shot by Fabian Brunnstrom.
12:01 of 1st period - Stopped by Kari Lehtonen with a rebound.
12:10 of 1st period - Minor Penalty to Derek Stepan for Tripping.
12:11 of 1st period - Jordan Staal wins face-off versus Erik Haula in Jets zone.
12:16 of 1st period - Wrist shot by Claude Giroux.
12:16 of 1st period - Stopped by Kari Lehtonen without a rebound.
12:17 of 1st period - Erik Haula wins face-off versus Jordan Staal in Jets zone.
12:34 of 1st period - Slapshot by John Klingberg.
12:34 of 1st period - Deflect By Erik Haula.
12:34 of 1st period - Stopped by Kari Lehtonen with a rebound.
12:46 of 1st period - Snap shot by Fabian Brunnstrom.
12:46 of 1st period - Stopped by Kari Lehtonen without a rebound.
12:47 of 1st period - Erik Haula wins face-off versus Mark Scheifele in Jets zone.
14:10 of 1st period - Penalty to Derek Stepan is over, Derek Stepan is back on ice.
14:28 of 1st period - Snap shot by Matt Cooke.
14:28 of 1st period - Shot Misses the Net.
14:43 of 1st period - Taylor Chorney is hit by Corey Perry and loses puck.
14:51 of 1st period - Icing by Mark Scheifele.
14:52 of 1st period - Mark Scheifele wins face-off versus Mike Richards in Maple Leafs zone.
15:25 of 1st period - Wrist shot by Derek Roy.
15:25 of 1st period - Shot Misses the Net.
15:27 of 1st period - Snap shot by Nino Niederreiter.
15:27 of 1st period - Shot Misses the Net.
15:29 of 1st period - Slapshot by Tyler Myers.
15:29 of 1st period - Shot Blocked by Taylor Hall.
15:31 of 1st period - Wrist shot by Derek Roy.
15:31 of 1st period - Deflect By Jordan Staal.
15:31 of 1st period - Shot Misses the Net.
15:31 of 1st period - Puck is out of play.
15:32 of 1st period - Mike Richards wins face-off versus Brayden Schenn in Maple Leafs zone.
15:39 of 1st period - Snap shot by Erik Haula.
15:39 of 1st period - Stopped by Marc-André Fleury without a rebound.
15:40 of 1st period - Mike Richards wins face-off versus Brayden Schenn in Maple Leafs zone.
16:13 of 1st period - Eric Gelinas is hit by John Klingberg and loses puck.
16:22 of 1st period - Wrist shot by Lee Stempniak.
16:22 of 1st period - Goal by Lee Stempniak - Jets : 2 - Maple Leafs : 1.
16:23 of 1st period - Derek Roy wins face-off versus Jordan Staal in neutral zone.
16:26 of 1st period - Snap shot by Marco Scandella.
16:26 of 1st period - Stopped by Marc-André Fleury without a rebound.
16:27 of 1st period - Nino Niederreiter wins face-off versus Taylor Hall in Maple Leafs zone.
16:33 of 1st period - Minor Penalty to Taylor Hall for Tripping.
16:34 of 1st period - Jordan Staal wins face-off versus Corey Perry in Maple Leafs zone.
16:34 of 1st period - Jordan Staal is hit by Marco Scandella.
17:37 of 1st period - Snap shot by Jeremy Morin.
17:37 of 1st period - Stopped by Kari Lehtonen with a rebound.
17:39 of 1st period - Slapshot by Marc-Édouard Vlasic.
17:39 of 1st period - Shot Misses the Net.
17:41 of 1st period - Slapshot by Braydon Coburn.
17:41 of 1st period - Shot Misses the Net.
18:33 of 1st period - Penalty to Taylor Hall is over, Taylor Hall is back on ice.
19:24 of 1st period - Brayden Schenn is hit by Tyler Myers.
Goals for this period are 2 for Jets vs 1 for Maple Leafs.
Shots for this period are 11 for Jets vs 12 for Maple Leafs.

2nd period


0:01 of 2nd period - Brayden Schenn wins face-off versus Derek Stepan in neutral zone.
0:03 of 2nd period - Off-side.
0:04 of 2nd period - Brayden Schenn wins face-off versus Derek Stepan in neutral zone.
0:15 of 2nd period - Icing by Tyler Myers.
0:16 of 2nd period - Jordan Staal wins face-off versus Derek Stepan in Jets zone.
0:19 of 2nd period - Snap shot by Jordan Staal.
0:19 of 2nd period - Shot Blocked by Tyler Myers.
1:04 of 2nd period - Wrist shot by Benoit Pouliot.
1:04 of 2nd period - Shot Misses the Net.
1:06 of 2nd period - Snap shot by Benoit Pouliot.
1:06 of 2nd period - Shot Blocked by John Klingberg.
1:08 of 2nd period - Snap shot by Benoit Pouliot.
1:08 of 2nd period - Stopped by Marc-André Fleury without a rebound.
1:09 of 2nd period - Brayden Schenn wins face-off versus Mike Richards in Maple Leafs zone.
1:09 of 2nd period - Brayden Schenn is hit by Erik Haula.
1:19 of 2nd period - Wrist shot by Claude Giroux.
1:19 of 2nd period - Shot Misses the Net.
1:21 of 2nd period - Slapshot by Claude Giroux.
1:21 of 2nd period - Deflect By Brayden Schenn.
1:21 of 2nd period - Stopped by Kari Lehtonen without a rebound.
1:22 of 2nd period - Brayden Schenn wins face-off versus Mike Richards in Jets zone.
1:27 of 2nd period - Snap shot by Claude Giroux.
1:27 of 2nd period - Shot Blocked by Lee Stempniak.
1:29 of 2nd period - Slapshot by Marc-Édouard Vlasic.
1:29 of 2nd period - Shot Blocked by Jared Spurgeon.
1:37 of 2nd period - Snap shot by Fabian Brunnstrom.
1:37 of 2nd period - Stopped by Kari Lehtonen with a rebound.
1:39 of 2nd period - Slapshot by Braydon Coburn.
1:39 of 2nd period - Stopped by Kari Lehtonen without a rebound.
1:40 of 2nd period - Derek Stepan wins face-off versus Mark Scheifele in Jets zone.
2:21 of 2nd period - Snap shot by Benoit Pouliot.
2:21 of 2nd period - Stopped by Marc-André Fleury without a rebound.
2:22 of 2nd period - Brayden Schenn wins face-off versus Mike Richards in Maple Leafs zone.
2:27 of 2nd period - Braydon Coburn is hit by Eric Gelinas and loses puck.
2:34 of 2nd period - Snap shot by Erik Haula.
2:34 of 2nd period - Shot Misses the Net.
2:36 of 2nd period - Backhand shot by Eric Gelinas.
2:36 of 2nd period - Shot Misses the Net.
2:38 of 2nd period - Slapshot by Jacob Trouba.
2:38 of 2nd period - Deflect By Erik Haula.
2:38 of 2nd period - Stopped by Marc-André Fleury without a rebound.
2:39 of 2nd period - Derek Roy wins face-off versus Mark Scheifele in Maple Leafs zone.
2:40 of 2nd period - Snap shot by Marcus Johansson.
2:40 of 2nd period - Shot Misses the Net.
2:50 of 2nd period - Wrist shot by Eric Nystrom.
2:50 of 2nd period - Stopped by Kari Lehtonen with a rebound.
2:52 of 2nd period - Slapshot by Marc-Édouard Vlasic.
2:52 of 2nd period - Shot Blocked by Nino Niederreiter.
2:54 of 2nd period - Slapshot by Braydon Coburn.
2:54 of 2nd period - Deflect By Eric Nystrom.
2:54 of 2nd period - Shot Misses the Net.
2:54 of 2nd period - Puck is out of play.
2:55 of 2nd period - Mike Richards wins face-off versus Brayden Schenn in Jets zone.
3:00 of 2nd period - John Klingberg is hit by Marco Scandella and loses puck.
3:44 of 2nd period - Slapshot by Jeremy Morin.
3:44 of 2nd period - Shot Blocked by Jacob Trouba.
3:46 of 2nd period - Slapshot by Kevin Shattenkirk.
3:46 of 2nd period - Shot Misses the Net.
3:48 of 2nd period - Snap shot by Kevin Shattenkirk.
3:48 of 2nd period - Shot Misses the Net.
3:50 of 2nd period - Slapshot by Mark Scheifele.
3:50 of 2nd period - Shot Misses the Net.
3:52 of 2nd period - Wrist shot by Mark Scheifele.
3:52 of 2nd period - Goal by Mark Scheifele - Jets : 2 - Maple Leafs : 2.
3:53 of 2nd period - Mike Richards wins face-off versus Brayden Schenn in neutral zone.
4:06 of 2nd period - Slapshot by Erik Haula.
4:06 of 2nd period - Shot Blocked by Braydon Coburn.
4:34 of 2nd period - Tyler Myers is hit by Taylor Hall and loses puck.
4:51 of 2nd period - Slapshot by Benoit Pouliot.
4:51 of 2nd period - Stopped by Marc-André Fleury without a rebound.
4:52 of 2nd period - Mike Richards wins face-off versus Nate Thompson in Maple Leafs zone.
5:00 of 2nd period - Kevin Shattenkirk is hit by Oscar Klefbom.
5:36 of 2nd period - Minor Penalty to Fabian Brunnstrom for Boarding.
5:37 of 2nd period - Corey Perry wins face-off versus Jordan Staal in Maple Leafs zone.
5:50 of 2nd period - Minor Penalty to Derek Stepan for Hooking.
5:51 of 2nd period - Jordan Staal wins face-off versus Benoit Pouliot in Jets zone.
6:06 of 2nd period - Snap shot by Corey Perry.
6:06 of 2nd period - Stopped by Marc-André Fleury without a rebound.
6:07 of 2nd period - Benoit Pouliot wins face-off versus Jordan Staal in Maple Leafs zone.
6:10 of 2nd period - Slapshot by Benoit Pouliot.
6:10 of 2nd period - Shot Blocked by Jordan Staal.
6:34 of 2nd period - Icing by Claude Giroux.
6:35 of 2nd period - Jordan Staal wins face-off versus Derek Roy in Maple Leafs zone.
7:00 of 2nd period - Snap shot by Kevin Shattenkirk.
7:00 of 2nd period - Stopped by Kari Lehtonen with a rebound.
7:02 of 2nd period - Slapshot by Marc-Édouard Vlasic.
7:02 of 2nd period - Shot Misses the Net.
7:04 of 2nd period - Snap shot by Mark Scheifele.
7:04 of 2nd period - Stopped by Kari Lehtonen with a rebound.
7:10 of 2nd period - Slapshot by Kevin Shattenkirk.
7:10 of 2nd period - Stopped by Kari Lehtonen with a rebound.
7:36 of 2nd period - Penalty to Fabian Brunnstrom is over, Fabian Brunnstrom is back on ice.
7:36 of 2nd period - Backhand shot by Alex Killorn.
7:36 of 2nd period - Shot Misses the Net.
7:38 of 2nd period - Slapshot by Fabian Brunnstrom.
7:38 of 2nd period - Shot Misses the Net.
7:50 of 2nd period - Penalty to Derek Stepan is over, Derek Stepan is back on ice.
7:57 of 2nd period - Snap shot by Eric Nystrom.
7:57 of 2nd period - Stopped by Kari Lehtonen without a rebound.
7:58 of 2nd period - Joe Colborne wins face-off versus Nate Thompson in Jets zone.
8:05 of 2nd period - Wrist shot by Jeremy Morin.
8:05 of 2nd period - Shot Misses the Net.
8:23 of 2nd period - Eric Gelinas is hit by Ben Smith and loses puck.
9:13 of 2nd period - Taylor Chorney is hit by Marcus Johansson.
10:01 of 2nd period - Slapshot by Marcus Johansson.
10:01 of 2nd period - Deflect By Mark Scheifele.
10:01 of 2nd period - Shot Blocked by Mark Scheifele.
10:01 of 2nd period - Puck is out of play.
10:02 of 2nd period - Brayden Schenn wins face-off versus Mike Richards in Maple Leafs zone.
10:02 of 2nd period - Brayden Schenn is hit by Mike Richards.
10:52 of 2nd period - Minor Penalty to Marc-Édouard Vlasic for Tripping.
10:53 of 2nd period - Jordan Staal wins face-off versus Benoit Pouliot in Maple Leafs zone.
10:53 of 2nd period - Jordan Staal is hit by Benoit Pouliot.
11:08 of 2nd period - Ben Smith is hit by Benoit Pouliot and loses puck.
11:19 of 2nd period - Ben Smith is hit by Erik Haula and loses puck.
12:07 of 2nd period - Wrist shot by Mike Richards.
12:07 of 2nd period - Stopped by Marc-André Fleury without a rebound.
12:08 of 2nd period - Mike Richards wins face-off versus Jeremy Morin in Maple Leafs zone.
12:11 of 2nd period - Snap shot by Nino Niederreiter.
12:11 of 2nd period - Shot Misses the Net.
12:13 of 2nd period - Wrist shot by Nino Niederreiter.
12:13 of 2nd period - Shot Misses the Net.
12:15 of 2nd period - Snap shot by Jared Spurgeon.
12:15 of 2nd period - Shot Blocked by Kevin Shattenkirk.
12:17 of 2nd period - Slapshot by Jared Spurgeon.
12:17 of 2nd period - Deflect By Mike Richards.
12:17 of 2nd period - Shot Misses the Net.
12:17 of 2nd period - Puck is out of play.
12:18 of 2nd period - Mike Richards wins face-off versus Jordan Staal in Maple Leafs zone.
12:23 of 2nd period - Snap shot by Mike Richards.
12:23 of 2nd period - Goal by Mike Richards - Jets : 3 - Maple Leafs : 2.
12:24 of 2nd period - Mike Richards wins face-off versus Brayden Schenn in neutral zone.
12:51 of 2nd period - John Klingberg is hit by Tyler Myers.
12:57 of 2nd period - Snap shot by Corey Perry.
12:57 of 2nd period - Stopped by Marc-André Fleury without a rebound.
12:58 of 2nd period - Derek Stepan wins face-off versus Jordan Staal in Maple Leafs zone.
13:11 of 2nd period - Snap shot by Ben Smith.
13:11 of 2nd period - Stopped by Kari Lehtonen with a rebound.
13:13 of 2nd period - Snap shot by Ben Smith.
13:13 of 2nd period - Deflect By Jordan Staal.
13:13 of 2nd period - Shot Misses the Net.
13:13 of 2nd period - Puck is out of play.
13:14 of 2nd period - Mike Richards wins face-off versus Brayden Schenn in Jets zone.
13:54 of 2nd period - Snap shot by Taylor Hall.
13:54 of 2nd period - Deflect By Jordan Staal.
13:54 of 2nd period - Stopped by Kari Lehtonen without a rebound.
13:55 of 2nd period - Derek Roy wins face-off versus Mark Scheifele in Jets zone.
13:55 of 2nd period - Derek Roy is hit by Marc-Édouard Vlasic.
13:58 of 2nd period - Minor Penalty to Jacob Trouba for Roughing.
13:59 of 2nd period - Erik Haula wins face-off versus Jordan Staal in Jets zone.
14:29 of 2nd period - Wrist shot by Fabian Brunnstrom.
14:29 of 2nd period - Stopped by Kari Lehtonen with a rebound.
15:24 of 2nd period - Oscar Klefbom is hit by Fabian Brunnstrom and loses puck.
15:58 of 2nd period - Penalty to Jacob Trouba is over, Jacob Trouba is back on ice.
16:36 of 2nd period - Wrist shot by Matt Cooke.
16:36 of 2nd period - Shot Misses the Net.
16:49 of 2nd period - Minor Penalty to Mathieu Carle for Interference.
16:50 of 2nd period - Jordan Staal wins face-off versus Derek Stepan in Maple Leafs zone.
17:20 of 2nd period - Snap shot by Brayden Schenn.
17:20 of 2nd period - Goal by Brayden Schenn - Jets : 3 - Maple Leafs : 3.
17:21 of 2nd period - Jordan Staal wins face-off versus Derek Stepan in neutral zone.
17:26 of 2nd period - Slapshot by Braydon Coburn.
17:26 of 2nd period - Deflect By Jordan Staal.
17:26 of 2nd period - Shot Misses the Net.
17:26 of 2nd period - Puck is out of play.
17:27 of 2nd period - Derek Stepan wins face-off versus Jordan Staal in Jets zone.
18:04 of 2nd period - Slapshot by Eric Gelinas.
18:04 of 2nd period - Shot Misses the Net.
18:06 of 2nd period - Wrist shot by Corey Perry.
18:06 of 2nd period - Stopped by Marc-André Fleury with a rebound.
18:08 of 2nd period - Snap shot by Derek Stepan.
18:08 of 2nd period - Stopped by Marc-André Fleury without a rebound.
18:09 of 2nd period - Brayden Schenn wins face-off versus Mike Richards in Maple Leafs zone.
18:09 of 2nd period - Brayden Schenn is hit by Oscar Klefbom.
18:49 of 2nd period - Penalty to Mathieu Carle is over, Mathieu Carle is back on ice.
Goals for this period are 1 for Jets vs 2 for Maple Leafs.
Shots for this period are 10 for Jets vs 13 for Maple Leafs.

3rd period


0:01 of 3rd period - Benoit Pouliot wins face-off versus Brayden Schenn in neutral zone.
0:03 of 3rd period - Off-side.
0:04 of 3rd period - Derek Stepan wins face-off versus Brayden Schenn in neutral zone.
0:15 of 3rd period - Snap shot by Corey Perry.
0:15 of 3rd period - Shot Blocked by Marc-Édouard Vlasic.
0:17 of 3rd period - Slapshot by Corey Perry.
0:17 of 3rd period - Stopped by Marc-André Fleury without a rebound.
0:18 of 3rd period - Jordan Staal wins face-off versus Derek Stepan in Maple Leafs zone.
0:45 of 3rd period - Benoit Pouliot is hit by Braydon Coburn.
0:49 of 3rd period - Slapshot by Kevin Shattenkirk.
0:49 of 3rd period - Shot Hit the Post.
0:51 of 3rd period - Snap shot by Mark Scheifele.
0:51 of 3rd period - Stopped by Kari Lehtonen with a rebound.
0:53 of 3rd period - Snap shot by Mark Scheifele.
0:53 of 3rd period - Shot Misses the Net.
0:55 of 3rd period - Snap shot by Jeremy Morin.
0:55 of 3rd period - Shot Misses the Net.
0:57 of 3rd period - Wrist shot by Jeremy Morin.
0:57 of 3rd period - Stopped by Kari Lehtonen without a rebound.
0:58 of 3rd period - Brayden Schenn wins face-off versus Mike Richards in Jets zone.
1:05 of 3rd period - Wrist shot by Brayden Schenn.
1:05 of 3rd period - Stopped by Kari Lehtonen with a rebound.
1:25 of 3rd period - Derek Roy is hit by Jordan Staal and loses puck.
2:36 of 3rd period - Snap shot by Mike Richards.
2:36 of 3rd period - Stopped by Marc-André Fleury with a rebound.
2:38 of 3rd period - Snap shot by Lee Stempniak.
2:38 of 3rd period - Shot Misses the Net.
2:40 of 3rd period - Snap shot by Jared Spurgeon.
2:40 of 3rd period - Shot Misses the Net.
2:42 of 3rd period - Snap shot by Lee Stempniak.
2:42 of 3rd period - Stopped by Marc-André Fleury with a rebound.
2:59 of 3rd period - Wrist shot by Joe Colborne.
2:59 of 3rd period - Stopped by Marc-André Fleury with a rebound.
3:23 of 3rd period - Snap shot by Claude Giroux.
3:23 of 3rd period - Stopped by Kari Lehtonen with a rebound.
3:25 of 3rd period - Slapshot by Kevin Shattenkirk.
3:25 of 3rd period - Shot Misses the Net.
3:33 of 3rd period - Wrist shot by Claude Giroux.
3:33 of 3rd period - Shot Misses the Net.
3:35 of 3rd period - Snap shot by Brayden Schenn.
3:35 of 3rd period - Shot Misses the Net.
4:03 of 3rd period - Snap shot by Fabian Brunnstrom.
4:03 of 3rd period - Shot Misses the Net.
4:05 of 3rd period - Wrist shot by Brayden Schenn.
4:05 of 3rd period - Goal by Brayden Schenn - Jets : 3 - Maple Leafs : 4.
4:06 of 3rd period - Mike Richards wins face-off versus Jordan Staal in neutral zone.
4:39 of 3rd period - Jacob Trouba is hit by Braydon Coburn and loses puck.
5:31 of 3rd period - Snap shot by Erik Haula.
5:31 of 3rd period - Shot Misses the Net.
5:49 of 3rd period - Corey Perry is hit by Jeremy Morin.
5:54 of 3rd period - Off-side.
5:55 of 3rd period - Mark Scheifele wins face-off versus Derek Stepan in neutral zone.
6:38 of 3rd period - Mike Richards is hit by Brayden Schenn and loses puck.
7:21 of 3rd period - Snap shot by Claude Giroux.
7:21 of 3rd period - Stopped by Kari Lehtonen without a rebound.
7:22 of 3rd period - Jordan Staal wins face-off versus Derek Stepan in Jets zone.
7:35 of 3rd period - Snap shot by Taylor Hall.
7:35 of 3rd period - Stopped by Kari Lehtonen without a rebound.
7:36 of 3rd period - Jordan Staal wins face-off versus Derek Stepan in Jets zone.
7:58 of 3rd period - John Klingberg is hit by Corey Perry and loses puck.
9:20 of 3rd period - Minor Penalty to Nino Niederreiter for Holding.
9:21 of 3rd period - Jordan Staal wins face-off versus Erik Haula in Jets zone.
9:25 of 3rd period - Slapshot by Claude Giroux.
9:25 of 3rd period - Goal by Claude Giroux - Jets : 3 - Maple Leafs : 5.
9:26 of 3rd period - Derek Stepan wins face-off versus Brayden Schenn in neutral zone.
9:53 of 3rd period - Taylor Hall is hit by Mike Richards and loses puck.
10:46 of 3rd period - Fabian Brunnstrom is hit by Jacob Trouba and loses puck.
11:11 of 3rd period - Slapshot by Jordan Staal.
11:11 of 3rd period - Goal by Jordan Staal - Jets : 3 - Maple Leafs : 6.
11:12 of 3rd period - Mike Richards wins face-off versus Brayden Schenn in neutral zone.
11:52 of 3rd period - Tyler Myers is hit by Kevin Shattenkirk and loses puck.
12:31 of 3rd period - Slapshot by Matt Cooke.
12:31 of 3rd period - Stopped by Marc-André Fleury with a rebound.
12:33 of 3rd period - Wrist shot by Matt Cooke.
12:33 of 3rd period - Stopped by Marc-André Fleury without a rebound.
12:34 of 3rd period - Jordan Staal wins face-off versus Erik Haula in Maple Leafs zone.
13:01 of 3rd period - Brayden Schenn is hit by Benoit Pouliot and loses puck.
13:42 of 3rd period - Off-side.
13:43 of 3rd period - Taylor Hall wins face-off versus Joe Colborne in neutral zone.
13:52 of 3rd period - Snap shot by Jordan Staal.
13:52 of 3rd period - Stopped by Kari Lehtonen without a rebound.
13:53 of 3rd period - Brayden Schenn wins face-off versus Derek Stepan in Jets zone.
13:54 of 3rd period - Slapshot by Claude Giroux.
13:54 of 3rd period - Stopped by Kari Lehtonen with a rebound.
13:56 of 3rd period - Slapshot by Claude Giroux.
13:56 of 3rd period - Deflect By Brayden Schenn.
13:56 of 3rd period - Goal by Brayden Schenn - Jets : 3 - Maple Leafs : 7.
13:57 of 3rd period - Mike Richards wins face-off versus Brayden Schenn in neutral zone.
14:08 of 3rd period - Wrist shot by Claude Giroux.
14:08 of 3rd period - Shot Blocked by Tyler Myers.
14:10 of 3rd period - Snap shot by John Klingberg.
14:10 of 3rd period - Stopped by Kari Lehtonen with a rebound.
14:12 of 3rd period - Snap shot by Claude Giroux.
14:12 of 3rd period - Stopped by Kari Lehtonen with a rebound.
14:14 of 3rd period - Slapshot by John Klingberg.
14:14 of 3rd period - Stopped by Kari Lehtonen with a rebound.
14:28 of 3rd period - Off-side.
14:29 of 3rd period - Jordan Staal wins face-off versus Derek Stepan in neutral zone.
15:09 of 3rd period - Kevin Shattenkirk is hit by Mike Richards and loses puck.
15:30 of 3rd period - Snap shot by Marcus Johansson.
15:30 of 3rd period - Shot Misses the Net.
15:42 of 3rd period - Jeremy Morin is hit by Marco Scandella and loses puck.
15:51 of 3rd period - Wrist shot by Kevin Hayes.
15:51 of 3rd period - Shot Blocked by Mark Scheifele.
16:11 of 3rd period - Wrist shot by Benoit Pouliot.
16:11 of 3rd period - Stopped by Marc-André Fleury with a rebound.
16:38 of 3rd period - Minor Penalty to Lee Stempniak for Hooking.
16:39 of 3rd period - Jordan Staal wins face-off versus Erik Haula in Jets zone.
17:41 of 3rd period - Marc-Édouard Vlasic is hit by Derek Roy and loses puck.
18:38 of 3rd period - Penalty to Lee Stempniak is over, Lee Stempniak is back on ice.
18:46 of 3rd period - Off-side.
18:47 of 3rd period - Joe Colborne wins face-off versus Nate Thompson in neutral zone.
19:04 of 3rd period - Joe Colborne is hit by Braydon Coburn and loses puck.
19:29 of 3rd period - Snap shot by Blake Comeau.
19:29 of 3rd period - Shot Blocked by Jacob Trouba.
19:31 of 3rd period - Slapshot by Marc-Édouard Vlasic.
19:31 of 3rd period - Shot Misses the Net.
19:41 of 3rd period - Snap shot by Nate Thompson.
19:41 of 3rd period - Stopped by Kari Lehtonen without a rebound.
19:42 of 3rd period - Derek Stepan wins face-off versus Brayden Schenn in Jets zone.
Goals for this period are 0 for Jets vs 4 for Maple Leafs.
Shots for this period are 7 for Jets vs 16 for Maple Leafs.